Map: Glittering Ashes LE

Players

Solari

  • Race: Protoss Protoss
  • League: Platinum

ElGrEeEn - Winner!

  • Race: Terran Terran
  • League: Platinum

VOD

Have the link to the VOD?

Description

Time

  • Played on: Feb. 5, 2022, 6:03 a.m.
  • Length: 26:03
Show
View Real Time Build Order
Export as new Build Order

Solari Protoss 

Build Orders:  

Get SALT Encoding   

  12  0:00  Probe  
  13  0:12  Probe  
  14  0:20  Pylon  
  14  0:24  Probe  
  15  0:38  Probe  
  16  0:42  Gateway  
  16  0:50  Pylon  
  16  0:52  Probe  
  17  1:04  Probe, Assimilator  
  18  1:16  Probe  
  19  1:28  Probe  
  20  1:33  Zealot  
  20  1:37  Cybernetics Core  
  20  1:38  Gateway  
  22  1:40  Probe  
  23  1:52  Probe  
  24  1:58  Gateway  
  24  2:08  Assimilator  
  24  2:12  Pylon  
  26  2:18  Stalker  
  26  2:20  Warp Gate  
  26  2:28  Pylon, Probe  
  27  2:31  Stalker  
  28  2:50  Probe  
  29  3:11  Stalker  
  29  3:12  Stalker  
  33  3:15  Zealot  
  33  3:18  Probe  
  36  3:28  Nexus  
  36  3:30  Pylon  
  36  3:39  Robotics Facility  
  36  3:51  Probe  
  37  4:01  Forge  
  37  4:03  Gateway  
  37  4:15  Probe  
  38  4:27  Probe  
  38  4:30  Immortal (Chrono Boost)  
  39  4:38  Robotics Bay  
  43  4:39  Probe  
  44  4:52  Probe  
  45  4:53  Probe  
  46  5:06  Immortal  
  50  5:13  Gateway  
  50  5:14  Gateway  
  50  5:22  Assimilator  
  50  5:26  Pylon  
  50  5:30  Robotics Facility  
  50  5:39  Probe x2  
  52  5:45  Disruptor  
  51  6:00  Probe x2  
  53  6:12  Probe x2  
  53  6:13  Assimilator  
  55  6:20  Photon Cannon  
  55  6:21  Disruptor  
  55  6:22  Photon Cannon  
  55  6:24  Probe x2  
  60  6:25  Pylon  
  60  6:37  Probe  
  60  6:38  Probe  
  60  6:56  Probe  
  60  6:57  Probe  
  62  7:05  Pylon  
  62  7:06  Disruptor (Chrono Boost)  
  62  7:08  Immortal (Chrono Boost)  
  69  7:09  Probe  
  69  7:14  Pylon  
  70  7:18  Gateway, Pylon  
  70  7:20  Gateway  
  71  7:22  Probe  
  71  7:23  Gateway, Probe  
  71  7:27  Extended Thermal Lance  
  72  7:39  Colossus (Chrono Boost)  
  78  8:06  Stalker x4  
  78  8:07  Stalker x2  
  85  8:41  Nexus  
  85  8:42  Pylon  
  85  8:44  Pylon x2  
  85  8:45  Protoss Ground Weapons Level 1 (Chrono Boost)  
  85  8:46  Photon Cannon  
  85  8:48  Assimilator  
  85  8:49  Photon Cannon  
  85  8:53  Assimilator  
  85  8:55  Photon Cannon  
  85  8:59  Probe x2  
  87  9:14  Photon Cannon  
  87  9:16  Photon Cannon  
  85  9:17  Pylon  
  85  9:20  Stalker x2  
  76  9:43  Stalker x4  
  76  9:44  Stalker  
  77  10:05  Stalker  
  77  10:06  Stalker x4  
  62  10:21  Disruptor  
  62  10:22  Pylon  
  62  10:34  Probe x2  
  62  10:36  Probe  
  62  10:37  Stalker  
  62  10:42  Gateway  
  63  10:46  Probe x2  
  63  10:48  Probe  
  66  10:58  Probe x2  
  66  11:00  Gateway, Probe  
  69  11:08  Disruptor  
  69  11:09  Observer  
  71  11:12  Probe x2  
  71  11:18  Sentry x3  
  77  11:19  Sentry  
  72  11:36  Stalker x2  
  75  11:42  Probe  
  75  11:43  Probe x2  
  74  11:47  Stalker  
  76  11:55  Observer (Chrono Boost), Probe  
  78  12:08  Colossus (Chrono Boost), Probe x3  
  86  12:09  Protoss Ground Armor Level 1 (Chrono Boost)  
  87  12:20  Probe  
  87  12:22  Probe  
  89  12:23  Probe  
  89  12:25  Stalker  
  92  12:32  Probe  
  92  12:34  Probe  
  92  12:37  Stalker  
  92  12:43  Probe  
  91  12:44  Probe  
  91  12:47  Probe  
  91  12:51  Pylon  
  93  12:55  Probe  
  93  12:56  Probe  
  95  13:00  Colossus  
  89  13:09  Stalker x3  
  95  13:15  Stalker  
  95  13:17  Stalker  
  99  13:25  Stalker x2  
  103  13:36  Stalker  
  102  13:47  Stargate  
  102  13:53  Stalker x4  
  110  13:58  Disruptor  
  113  14:08  Pylon  
  113  14:11  Twilight Council  
  113  14:14  Probe x3  
  116  14:21  Photon Cannon  
  116  14:28  Zealot x2  
  120  14:37  Stalker x2  
  120  14:49  Stalker x2  
  120  14:50  Stalker x2  
  128  14:57  Photon Cannon  
  64  15:37  Stalker x6  
  64  15:38  Stalker x2  
  60  15:52  Probe x3  
  63  16:01  Stalker  
  63  16:02  Stalker  
  63  16:03  Immortal  
  70  16:07  Assimilator  
  68  16:14  Phoenix  
  70  16:33  Immortal  
  70  16:34  Nexus  
  74  16:41  Protoss Ground Weapons Level 2 (Chrono Boost)  
  74  16:48  Zealot x2  
  78  16:58  Stalker x2  
  82  17:12  Stalker  
  82  17:13  Stalker x2  
  88  17:20  Stalker  
  90  17:36  Stalker x3  
  96  17:38  Pylon  
  96  17:41  Probe x2  
  98  17:50  Stalker  
  98  17:51  Stalker  
  100  18:00  Phoenix  
  102  18:17  Probe x3  
  105  18:20  Assimilator  
  105  18:24  Assimilator  
  105  18:26  Colossus, Disruptor  
  111  18:27  Pylon  
  94  18:54  Stalker x4  
  94  18:55  Stalker x3  
  102  18:59  Gateway  
  102  19:01  Gateway  
  102  19:07  Probe x2  
  104  19:11  Probe x2  
  104  19:15  Disruptor, Protoss Ground Weapons Level 3 (Chrono Boost)  
  109  19:19  Probe  
  108  19:35  Stalker x5  
  108  19:58  Stalker  
  108  19:59  Stalker x6  
  116  20:04  Probe x2  
  110  20:28  Probe x2  
  81  21:01  Colossus  
  81  21:02  Disruptor  
  86  21:12  Stalker  
  86  21:14  Stalker  
  86  21:15  Stalker x7  
  86  21:16  Stalker  
  104  21:19  Void Ray (Chrono Boost)  
  106  21:41  Stalker x3  
  112  21:55  Phoenix  
  114  22:03  Protoss Ground Armor Level 2 (Chrono Boost)  
  110  22:18  Nexus  
  110  22:19  Stalker  
  110  22:21  Pylon  
  112  22:33  Assimilator  
  112  22:34  Assimilator  
  111  22:38  Pylon  
  107  22:51  Disruptor, Observer  
  104  22:59  Stalker x2  
  104  23:00  Stalker x3  
  106  23:14  Pylon  
  106  23:16  Stalker x2  
  106  23:17  Probe x3  
  99  23:27  Observer  
  44  23:50  Stalker  
  44  23:51  Stalker x3  
  44  23:52  Observer  
  44  23:55  Stalker  
  42  24:08  Stalker  
  40  24:17  Probe  
  41  24:26  Probe x2  
  43  24:33  Shield Battery  
  39  24:41  Probe  
  40  24:53  Probe x3  
  40  24:55  Probe  
  40  24:59  Probe  
  45  25:09  Probe  
  45  25:10  Probe x2  
  48  25:19  Disruptor  
  51  25:24  Probe x2  
  53  25:28  Probe  
  53  25:32  Probe x2  
  56  25:41  Probe  
  56  25:42  Probe x2  
  59  25:48  Stalker  
Show
View Real Time Build Order
Export as new Build Order

ElGrEeEn Terran - Winner!

Build Orders: Reaper Expand 

Get SALT Encoding   

  12  0:00  SCV  
  13  0:14  Supply Depot  
  13  0:17  SCV  
  14  0:30  SCV  
  15  0:42  Barracks  
  15  0:43  Refinery  
  15  0:52  SCV  
  16  1:01  Supply Depot  
  16  1:05  SCV  
  17  1:15  Engineering Bay  
  17  1:22  SCV  
  18  1:31  Reaper  
  19  1:45  Orbital Command  
  19  2:12  Barracks Reactor  
  19  2:15  Command Center  
  19  2:28  SCV  
  20  2:33  Refinery  
  20  2:40  SCV  
  21  3:00  Factory  
  21  3:09  Marine x2  
  22  3:18  Bunker  
  22  3:19  Bunker  
  22  3:25  SCV  
  23  3:27  Orbital Command  
  23  3:29  Barracks  
  23  3:32  Marine x2  
  25  3:44  Widow Mine  
  25  3:47  Starport  
  27  3:50  Marine x2  
  29  4:01  Refinery  
  29  4:04  SCV  
  29  4:09  Factory Tech Lab  
  30  4:10  Marine x2  
  30  4:15  Engineering Bay  
  32  4:17  SCV  
  32  4:18  Barracks Tech Lab  
  33  4:32  Siege Tank  
  33  4:34  Starport Tech Lab  
  33  4:37  Orbital Command  
  36  4:43  Terran Infantry Weapons Level 1  
  43  5:00  Stimpack  
  36  5:04  Widow Mine  
  38  5:12  Orbital Command  
  38  5:14  Raven  
  40  5:33  Refinery  
  40  5:36  SCV  
  40  5:42  Orbital Command  
  41  5:45  Bunker  
  38  5:57  Medivac  
  38  5:59  Siege Tank  
  43  6:07  Marine x2  
  43  6:09  SCV  
  46  6:11  Refinery  
  46  6:27  Supply Depot  
  46  6:34  Marine  
  46  6:36  SCV  
  46  6:43  Marauder  
  46  6:49  Medivac, SCV  
  46  6:51  Marine  
  46  6:52  Marine  
  51  6:56  Widow Mine  
  51  6:57  Barracks x2  
  51  6:58  Barracks  
  53  7:08  Supply Depot  
  53  7:13  Marauder  
  53  7:15  Marine x2  
  55  7:19  Medivac  
  59  7:31  Armory  
  59  7:34  Marauder  
  59  7:35  Marine  
  59  7:36  Marine  
  65  7:37  Widow Mine  
  65  7:49  Medivac  
  67  7:53  Marine  
  67  7:54  Marine  
  67  7:55  Marine  
  70  8:00  Marine  
  70  8:13  Marine  
  70  8:49  Combat Shield  
  70  8:50  Supply Depot  
  70  9:05  Terran Vehicle Weapons Level 1  
  70  9:06  Supply Depot  
  70  9:07  Supply Depot  
  70  9:10  Marine  
  70  9:11  Marauder, Marine x4  
  70  9:12  Siege Tank  
  77  9:29  Marine x3  
  75  9:33  Marauder  
  75  9:44  Siege Tank  
  76  9:54  Marauder  
  76  9:58  Marine x2  
  66  10:09  Orbital Command  
  64  10:16  Marauder, Widow Mine  
  56  10:33  SCV  
  56  10:35  SCV  
  58  10:37  Marauder, Raven  
  58  10:38  Marine x2, Widow Mine  
  58  10:39  Barracks Tech Lab x2  
  64  10:45  Barracks Reactor  
  64  10:51  Command Center  
  64  10:58  Marauder  
  64  10:59  Fusion Core  
  64  11:01  Supply Depot  
  66  11:07  SCV  
  66  11:08  Refinery  
  66  11:09  Missile Turret, Refinery  
  67  11:20  Marauder  
  60  11:41  Marauder  
  61  11:48  Marine  
  61  11:49  Siege Tank, Marauder x2, Marine  
  61  11:54  SCV x2  
  61  12:02  Marauder  
  63  12:09  Terran Infantry Weapons Level 2, SCV x2  
  63  12:11  Marauder, Marine x3, Sensor Tower  
  70  12:20  Sensor Tower  
  70  12:24  SCV x2  
  70  12:28  Planetary Fortress  
  72  12:30  Refinery  
  72  12:38  Hellion  
  72  12:40  Marine x6  
  72  12:41  Marine  
  72  12:42  SCV x2  
  79  13:08  Marine x3  
  79  13:09  Marauder x2  
  86  13:13  SCV x2  
  86  13:19  Battlecruiser  
  92  13:22  SCV  
  92  13:25  SCV x2  
  95  13:34  SCV  
  96  13:35  Bunker  
  96  13:37  SCV x2  
  96  13:38  Missile Turret  
  98  13:41  Marine x2  
  98  13:46  SCV  
  101  13:49  SCV x2  
  103  14:03  SCV x2  
  103  14:04  SCV  
  106  14:14  Missile Turret  
  106  14:16  Terran Ship Weapons Level 1  
  106  14:19  Weapon Refit  
  106  14:23  Medivac  
  108  14:24  Refinery  
  108  14:35  Thor  
  108  14:36  Marauder, Marine x2  
  117  14:42  Starport  
  117  14:57  Marine  
  116  15:03  Marauder  
  116  15:05  Marauder  
  116  15:07  Viking  
  116  15:12  Marauder, Marine x3  
  102  15:19  SCV  
  91  15:25  Marauder, Marine  
  91  15:26  Marine  
  91  15:27  Widow Mine  
  90  15:30  Marine  
  90  15:34  Marauder  
  75  15:37  Medivac  
  75  15:42  Starport Reactor  
  72  15:44  Marauder  
  74  15:53  Marine  
  74  15:54  Marauder, Marine  
  72  16:06  Marauder, Marine x3  
  72  16:07  Battlecruiser  
  83  16:14  SCV  
  84  16:19  Viking, Medivac  
  84  16:20  SCV x2  
  90  16:33  SCV x2  
  90  16:38  Command Center  
  92  16:54  Siege Tank, Marine x2  
  92  16:55  Marauder, Marine  
  100  17:11  Medivac  
  100  17:12  Viking, Medivac  
  101  17:26  Marine  
  99  17:41  Raven  
  101  17:45  Medivac  
  101  17:46  Viking  
  105  17:56  Siege Tank, Marine x3  
  105  17:57  Marauder x2  
  109  18:19  SCV  
  110  18:20  Viking  
  110  18:23  Sensor Tower  
  110  18:24  Battlecruiser  
  110  18:25  Marine x3  
  121  18:28  Siege Tank  
  86  19:00  Siege Tank  
  89  19:03  Marine x3  
  89  19:04  Marauder x2  
  94  19:28  Battlecruiser, Marine x2  
  94  19:29  Marauder  
  94  19:30  SCV, Planetary Fortress  
  96  19:42  Siege Tank, Marine  
  96  19:43  Marauder, Marine x2  
  96  19:45  Viking, SCV  
  97  19:50  Marauder  
  97  20:01  Marauder  
  97  20:03  Marine x3  
  97  20:05  Marauder  
  97  20:06  Marine  
  105  20:12  Marauder  
  107  20:15  Siege Tank  
  107  20:17  Medivac  
  107  20:21  Marine x3  
  106  20:22  Marine  
  106  20:24  Viking  
  106  20:27  Marine  
  96  20:40  Viking, Marine x2  
  96  20:41  Marauder  
  90  20:47  Widow Mine  
  82  20:51  Marauder, Marine x2  
  83  20:57  Marine  
  83  20:58  Marine  
  83  21:02  Marauder  
  86  21:04  SCV x3  
  86  21:05  Marine  
  86  21:08  Widow Mine  
  86  21:09  Marine x2  
  93  21:13  Marauder  
  95  21:21  Battlecruiser  
  95  21:22  Marine x3  
  95  21:23  Missile Turret  
  95  21:24  Missile Turret, Refinery x2  
  104  21:29  SCV x3  
  107  21:38  Medivac, Widow Mine  
  109  21:40  SCV  
  110  21:56  Marine x3  
  110  21:57  Marauder x2  
  110  21:59  Siege Tank  
  120  22:31  Siege Tank  
  122  22:42  Marine x3  
  122  22:43  Marauder x2, Medivac  
  119  22:52  Marauder, Battlecruiser, Marine  
  128  23:00  Marine x3  
  131  23:09  Marine  
  132  23:17  SCV x2, Marauder x2  
  132  23:23  Marauder  
  131  23:30  Siege Tank  
  110  23:46  Marauder x3, Marine x3  
  117  23:58  Marine  
  117  24:02  Widow Mine  
  120  24:03  Marine  
  120  24:04  Marine  
  120  24:05  Command Center  
  120  24:08  Marauder x2, Refinery  
  125  24:13  Marine  
  125  24:14  Marauder  
  125  24:15  Marine  
  125  24:17  SCV x2  
  125  24:22  Marine  
  125  24:23  Siege Tank, Marine  
  131  24:30  Marauder  
  132  24:34  Viking, Medivac, Marauder  
  132  24:38  Medivac, Marauder, Marine x2  
  132  25:06  Siege Tank, Marauder, Marine  
  132  25:16  Marine x4  
  132  25:17  Marauder  
  132  25:19  Bunker  
  138  25:24  Marine  
  138  25:28  Marauder  
  147  25:32  Missile Turret  
  147  25:49  SCV  
Tags
 
Add a new tag
Caveats
  • Supply blocks, unpowered buildings, or Contaminate may cause inaccurate times.
  • Supply counts are checked every 10 seconds.